 Dungeon Crawl Stone Soup version 0.31-a0-267-g3fc6992b3b (webtiles) character file.

Game seed: 172470963023249706

172 qw the Shooter (level 5, -2/30 HPs)
             Began as a Gargoyle Hexslinger on July 14, 2023.
             Slain by a wight
             ... wielding a +4 hand axe
              (6 damage)
             ... on level 4 of the Dungeon.
             The game lasted 00:00:47 (2334 turns).

qw the Shooter (Gargoyle Hexslinger)                Turns: 2334, Time: 00:00:48

Health: -2/30      AC:  9    Str: 12    XL:     5   Next: 52%
Magic:  6/6        EV: 11    Int: 13    God:
Gold:   187        SH:  0    Dex: 20    Spells: 5/6 levels left

rFire   + . .        Y - +2 sling
rCold   . . .        (no shield)
rNeg    + + .        f - +0 ring mail "Olaed" {rF+}
rPois   inf          (no helmet)
rElec   +            (no cloak)
rCorr   .            (no gloves)
SInv    .            (no boots)
Will    .....        j - amulet of regeneration
Stlth   +            b - ring of positive energy
HPRegen 1.05/turn    g - +6 ring of dexterity
MPRegen 0.10/turn

%: no passive effects
@: no status effects
A: sickness immunity, AC +4, negative energy resistance 1, electricity
resistance, torment resistance 1, petrification resistance
a: no special abilities


You were on level 4 of the Dungeon.
You visited 1 branch of the dungeon, and saw 4 of its levels.

You collected 187 gold pieces.


Innate Abilities, Weirdness & Mutations

You are immune to sickness and miasma.
Your stone body is resilient. (AC +4)
You are immune to poison.
You resist negative energy. (rN+)
You are resistant to electric shocks. (rElec)
You are resistant to unholy torment.
You are immune to petrification.


   Skills:
 + Level 2.0 Fighting
 - Level 5.1 Ranged Weapons
 - Level 1.0 Armour
 - Level 1.5 Dodging
 - Level 1.0 Spellcasting
 - Level 2.6 Hexes


You had 5 spell levels left.
You knew the following spells:

 Your Spells              Type           Power      Damage    Failure   Level
a - Slow                  Hex            28%        N/A       22%         1

Your spell library contained the following spells:

 Spells                   Type           Power      Damage    Failure   Level
 Inner Flame              Hex/Fire       4%         N/A       73%         3
 Portal Projectile        Hex/Tloc       8%         N/A       73%         3
 Cause Fear               Hex            3%         N/A       91%         4

Inventory:

Hand Weapons
 Y - a +2 sling (weapon)
Armour
 f - the +0 ring mail "Olaed" (worn) {rF+}
   (You found it on level 2 of the Dungeon)

   rF:        It protects you from fire.
Jewellery
 b - a ring of positive energy (left hand)
 g - a +6 ring of dexterity (right hand)
 j - an amulet of regeneration (around neck)
Scrolls
 a - 2 scrolls of identify
Potions
 c - a potion of invisibility {unknown}
 d - a potion of enlightenment
 e - 2 potions of resistance
 h - a potion of heal wounds
 i - a potion of mutation

Dungeon Overview and Level Annotations

Branches:
Dungeon (4/15)
 Temple: D:4-7

Altars:


Message History

Enter note:
Enter note: You shoot a sling bullet.
The sling bullet hits the wight but does no damage.
A wight comes into view. It is wielding a +2 dagger.
You shoot a sling bullet.
The sling bullet closely misses the wight.
You shoot a sling bullet.
The sling bullet closely misses the wight.
A wight comes into view. It is wielding a +4 hand axe.
You shoot a sling bullet.
The sling bullet hits the wight but does no damage.
You shoot a sling bullet.
The sling bullet hits the wight but does no damage.
A wight comes into view. It is wielding a +0 battleaxe.
You shoot a sling bullet.
The sling bullet hits the wight but does no damage.
You shoot a sling bullet.
The sling bullet barely misses the wight.
The wight misses you. The wight barely misses you.
The wight hits you with a +2 dagger. The wight hits you with a +0 hand axe.
The wight hits you with a +4 hand axe.
You shoot a sling bullet. The sling bullet hits the wight.
The wight is lightly damaged.
The wight barely misses you. x2; The wight hits you with a +0 hand axe.
You shoot a sling bullet. The sling bullet hits the wight.
The wight is moderately damaged.
The wight hits you but does no damage. The wight barely misses you.
The wight misses you.
You shoot a sling bullet.
The sling bullet barely misses the wight.
The wight hits you with a +4 hand axe! The wight barely misses you.
The wight hits you but does no damage.
You shoot a sling bullet.
The sling bullet hits the wight but does no damage.
The wight is moderately damaged.
The wight closely misses you. The wight hits you with a +2 dagger.
The wight closely misses you. The wight hits you with a +2 dagger.
The wight closely misses you. The wight hits you with a +4 hand axe.
You die...

..... .... ... .... ..
# #..# .#
##.###..###.#####
.......z#........
......zz#.......
......z@#...#
........'.).# ####
#..##...##).#
##..######..##...##..#
........#....#...#...##
........#....#...#....#
........##..##...##+#.#
##..##..##..##...##..##
##..######%.#.........#


You could see 4 wights.

Vanquished Creatures
  An ogre (D:3)
  A hound (D:4)
  An adder (D:4)
  A worm (D:2)
  2 dart slugs
  4 ball pythons
  3 endoplasms
  3 giant cockroaches (D:1)
  4 goblins
  4 hobgoblins
  6 jackals
  A quokka (D:3)
  3 bats (D:3)
  3 frilled lizards
  2 kobolds
  7 rats
  A spectral goblin (D:1)
47 creatures vanquished.

Notes
Turn   | Place    | Note
-------+----------+-------------------------------------------
     0 | D:1      | qw the Gargoyle Hexslinger began the quest for the Orb.
     0 | D:1      | Reached XP level 1. HP: 12/12 MP: 2/2
     0 | D:1      | 0 ||| qw: Version: 0.3-a-52-g30416fa
     0 | D:1      | 0 ||| qw: Game counter: 7904
     0 | D:1      | 0 ||| qw: Melee chars always use a shield: true
     0 | D:1      | 0 ||| qw: God list: Okawaru
     0 | D:1      | 0 ||| qw: Allow faded altars: false
     0 | D:1      | 0 ||| qw: Do Orc after clearing Dungeon:15 true
     0 | D:1      | 0 ||| qw: Do second Lair branch before Depths: true
     0 | D:1      | 0 ||| qw: Lair rune preference: random
     0 | D:1      | 0 ||| qw: Goals: Normal
     0 | D:1      | 0 ||| PLANNING D:1-11
   136 | D:1      | 136 ||| FLEEEEING.
   137 | D:1      | 137 ||| FLEEEEING.
   148 | D:1      | Reached XP level 2. HP: 16/16 MP: 3/3
   302 | D:1      | Found a faded altar of an unknown god.
   426 | D:1      | Reached skill level 3 in Ranged Weapons
   767 | D:1      | 767 ||| READING 2 scrolls labelled FOROAZ LUHANA.
   768 | D:1      | 768 ||| READING scroll labelled PUTUFU BURERI.
   769 | D:1      | 769 ||| DROPPING scroll of poison.
   821 | D:2      | Reached XP level 3. HP: 21/21 MP: 4/4
   836 | D:2      | Identified the +0 ring mail "Olaed" {rF+}
  1206 | D:2      | 1206 ||| UPGRADING to +0 ring mail "Olaed" {rF+}.
  1216 | D:2      | 1216 ||| DROPPING +0 robe.
  1217 | D:2      | 1217 ||| UPGRADING to ring of positive energy.
  1218 | D:2      | 1218 ||| UPGRADING to +6 ring of dexterity.
  1219 | D:2      | 1219 ||| READING scroll labelled WUOHEF OKEY.
  1220 | D:2      | 1220 ||| DRINKING 2 coppery potions.
  1221 | D:2      | 1221 ||| DRINKING 2 bubbling coppery potions.
  1222 | D:2      | 1222 ||| READING 3 scrolls of identify.
  1222 | D:2      | 1222 ||| IDENTIFYING viscous orange potion
  1223 | D:2      | 1223 ||| READING 2 scrolls of identify.
  1223 | D:2      | 1223 ||| IDENTIFYING yellow potion
  1224 | D:2      | 1224 ||| DROPPING potion of attraction.
  1518 | D:3      | Noticed an ogre
  1522 | D:3      | Killed an ogre
  1523 | D:3      | Reached skill level 4 in Ranged Weapons
  1523 | D:3      | Reached XP level 4. HP: 26/26 MP: 5/5
  1523 | D:3      | Reached XP level 5. HP: 30/30 MP: 6/6
  2157 | D:3      | 2157 ||| UPGRADING to amulet of regeneration.
  2162 | D:3      | 2162 ||| READING scroll labelled NEOSCH AGIDA.
  2163 | D:3      | 2163 ||| READING scroll labelled SAFUOL CO DESI.
  2164 | D:3      | 2164 ||| READING scroll labelled HUNOTE CUSS.
  2165 | D:3      | 2165 ||| DRINKING 2 pink potions.
  2266 | D:4      | 2266 ||| FLEEEEING.
  2280 | D:4      | Reached skill level 1 in Armour
  2322 | D:4      | Reached skill level 5 in Ranged Weapons
  2334 | D:4      | HP: 4/30 [wight/+2 dagger (5)]
  2334 | D:4      | Slain by a wight

Levels and vault maps discovered:
D:1:      shiori_shiawase, layout_rooms, serial_forest,
          infiniplex_forest_lined_3_way, infiniplex_forest_lined_3,
          infiniplex_forest_end_1, infiniplex_forest_end_1,
          infiniplex_forest_lined_corner, infiniplex_forest_clump_diagonal,
          infiniplex_forest_corner_1, infiniplex_forest_zigzag_1,
          infiniplex_forest_lined_2, infiniplex_forest_lined_room_,
          dreamdust_ecumenical_altar_drowned_temple,
          wander_ebering_terrifying_dragon_lair
D:2:      layout_rooms
D:3:      layout_basic, serial_curves, eino_curves_02, eino_curves_04
D:4:      layout_gridville, uniq_ijyb, uniq_natasha

Skill      XL: |  1  2  3  4  5 |
---------------+----------------+-----
Ranged Weapons | 3 4 5 |  5.1
Fighting       | 2 |  2.0
Armour         | 1 |  1.0
Dodging        | |  1.5
Spellcasting   | |  1.0
Hexes          | |  2.6

Action                     |  1- 3 |  4- 6 || total
---------------------------+-------+-------++-------
   Fire: Sling             |   110 |    43 ||   153
    Use: Scroll            |     5 |     3 ||     8
         Potion            |     2 |     1 ||     3
 Armour: Robe              |    12 |       ||    12
         Ring mail         |     3 |     7 ||    10
  Dodge: Dodged            |    35 |    20 ||    55

Table legend:
 A = Non-vault XP
 B = Vault XP
 C = Vault XP percentage of total XP
 D = Non-vault monster count
 E = Vault monster count
 F = Vault count percentage of total count
                 A         B        C        D         E       F
            +---------+---------+-------+---------+---------+-------
      Total |     244 |       2 |   0.8 |      45 |       2 |   4.3
            +---------+---------+-------+---------+---------+-------
        D:1 |      28 |       2 |   6.7 |      16 |       2 |  11.1
        D:2 |      14 |       0 |   0.0 |       7 |       0 |   0.0
        D:3 |     131 |       0 |   0.0 |      13 |       0 |   0.0
        D:4 |      71 |       0 |   0.0 |       9 |       0 |   0.0
            +---------+---------+-------+---------+---------+-------
